[Event "Late-Titled-Tuesday-Blitz-April-30-2024"]
[Site "Chess.com"]
[Date "2024.04.30"]
[Round "3"]
[White "teresin05"]
[Black "flubs"]
[Result "0-1"]
[WhiteElo "2262"]
[BlackElo "2505"]
[TimeControl "180+1"]
[EndTime "14:30:29 PDT"]
[Termination "flubs won by checkmate"]

1. e4 c6 2. d4 d5 3. Nc3 Nf6 4. e5 Ne4 5. Nce2 f6 6. f3 Ng5 7. Bxg5 fxg5 8. Qd2 e6 9. Nh3 Be7 10. O-O-O O-O 11. Ng3 c5 12. c3 Nc6 13. Kb1 Bd7 14.
Bd3 cxd4 15. cxd4 Rc8 16. Rhf1 g6 17. Ne2 Nb4 18. f4 Nxd3 19. Qxd3 Qb6 20. fxg5 Bb5 21. Qd2 a5 22. Rxf8+ Rxf8 23. Nc3 Bd7 24. Qe3 a4 25. Nf2 a3 26. b3 Rf5 27. h4 Bb4 28. Ng4 Kg7 29.
Nf6 Bc6 30. g4 Bxc3 31. gxf5 Bb2 32. fxe6 Qd8 33. Qf3 Qe7 34. h5 Qxe6 35. h6+ Kh8 36. Nd7 Qe7 37. Rf1 Kg8 38. Nf6+ Kh8 39. Ne8 Kg8 40.
Nd6 Bxd4 41. Qf6 Qxf6 42. exf6 Kf8 43. f7 Bc5 44. Ne8 d4 45. Ng7 Be4+ 46. Kc1 Bd5 47. Ne6+ Bxe6 48. Rf6 Bf5 49. Kd2 d3 50. Kc3 Be7 51. Rb6 Kxf7 52. Rxb7 Ke6 53. Kd2 Bxg5+ 54.
Kc3 Bxh6 55. Rb6+ Ke5 56. Ra6 Ke4 57. Rxa3 Bg7+ 58. Kd2 Bh6+ 59. Kd1 d2 60. Ra4+ Kd3 61. Rf4 Be4 62. Rh4 Bf3# 0-1

[Event "Late-Titled-Tuesday-Blitz-April-30-2024"]
[Site "Chess.com"]
[Date "2024.04.30"]
[Round "3"]
[White "Firouzja2003"]
[Black "Mops_2004"]
[Result "1-0"]
[WhiteElo "3149"]
[BlackElo "2797"]
[TimeControl "180+1"]
[EndTime "14:30:30 PDT"]
[Termination "Firouzja2003 won by resignation"]

1. e4 g6 2. d4 Bg7 3. Nf3 d6 4. c3 Nf6 5. Bd3 O-O 6. O-O Nc6 7. h3 e5 8. Re1 h6 9. Nbd2 Nd7 10. Nf1 exd4 11.
cxd4 Nxd4 12. Nxd4 Bxd4 13. Bxh6 Bxf2+ 14. Kxf2 Qh4+ 15. Kg1 Qxh6 16. Ne3 Ne5 17. Bf1 Qg5 18. Rc1 c6 19. Kh1 Rd8 20. Qb3 b5 21. Qc3 a5 22.
a3 Be6 23. Nc2 Qe7 24. Nd4 Rdc8 25. Qg3 Kf8 26. Rcd1 b4 27. Be2 c5 28. Nb5 Rd8 29.
Rxd6 Nc4 30. Rc6 Rac8 31. Nc7 Bd7 32. Nd5 Qe5 33. Qxe5 Nxe5 34. Ra6 Ra8 35. Rf6 Kg7 36. Rf2 Rab8 37. Rc1 Rdc8 38. Bc4 Be6 39. Rfc2 Rd8 40. Kh2 bxa3 41. bxa3 Nxc4 42. Rxc4 Bxd5 43. exd5 Rxd5 44. Rxc5 Rb5 45. Rc7 Rb3 46. Rf1 Rf5 47. Rxf5 gxf5 48. Rc5 Rxa3 49. Rxf5 a4 50. Ra5 Kg6 51. g4 f6 52. Kg2 Kg7 53. h4 Kg6 54. Ra7 Kh6 55. Ra6 Kg7 56. h5 Kf7 57. Ra7+ Kg8 58. h6 Kh8 59.
Ra6 f5 60. g5 Kh7 61. Ra7+ Kh8 62. g6 1-0

[Event "Late-Titled-Tuesday-Blitz-April-30-2024"]
[Site "Chess.com"]
[Date "2024.04.30"]
[Round "3"]
[White "laskakid"]
[Black "Sesleria"]
[Result "1/2-1/2"]
[WhiteElo "2390"]
[BlackElo "2134"]
[TimeControl "180+1"]
[EndTime "14:30:31 PDT"]
[Termination "Game drawn by repetition"]

1. e4 c5 2. Nf3 e6 3. d3 g6 4. g3 Bg7 5. Bg2 Nc6 6. O-O Nf6 7. Re1 d5 8. e5 Ng4 9. Bf4 Qb6 10. Qc1 c4 11. Re2 cxd3 12. cxd3 h5 13. h3 Nh6 14.
Nc3 Bd7 15. Na4 Qa5 16. Nc5 Rc8 17. Nxb7 Qa6 18. Nd6+ Ke7 19. Nxc8+ Qxc8 20. Rc2 Qb7 21. Bg5+ Ke8 22. Qe3 Nf5 23. Qc5 Bf8 24. Qc3 Bb4 25.
Qb3 Nfd4 26. Qa4 Nxc2 27. Qxc2 Be7 28. Bxe7 Nxe7 29. d4 Bb5 30. Rc1 Kd7 31. Ng5 Rc8 32. Qd2 Rxc1+ 33. Qxc1 Ke8 34. Qf4 Nc6 35. Qf6 Qe7 36.
Qxe7+ Kxe7 37. Nf3 Bc4 38. a3 Be2 39. g4 hxg4 40.
hxg4 Bxf3 41. Bxf3 Nxd4 42. Bd1 Kd7 43. Kf1 f6 44. exf6 g5 45. Ke1 e5 46. Kd2 Ke6 47. Ke3 Kxf6 48. b4 Ke6 49. a4 Kd6 50. Bf3 Nc2+ 51.
Kd2 Nxb4 52. Kc3 Nc6 53. Be2 Nd4 54. Ba6 Kc5 55. Bc8 Ne2+ 56. Kd2 Nf4 57. Kc3 d4+ 58.
Kd2 e4 59. Bf5 Kc4 60. Bxe4 Kb4 61. Bc6 Kc4 62. Be8 Kb4 63. Bd7 Kc4 64. f3 Kb4 65. Be8 Kc4 66. Kc2 Kb4 67. Kd2 Kc4 68. Bd7 Kb4 69. Bc6 Kc4 70. a5 Kb4 71. a6 Kc4 72. Bb7 Kb4 73. Kc2 Kc4 74. Kd2 Kb4 75. Kc2 Kc4 76.
Kd2 1/2-1/2

[Event "Late-Titled-Tuesday-Blitz-April-30-2024"]
[Site "Chess.com"]
[Date "2024.04.30"]
[Round "3"]
[White "Bryanl106"]
[Black "jcibarra"]
[Result "0-1"]
[WhiteElo "2697"]
[BlackElo "3003"]
[TimeControl "180+1"]
[EndTime "14:30:32 PDT"]
[Termination "jcibarra won by resignation"]

1. e4 c5 2. Nf3 e6 3. g3 Nc6 4.
Bg2 Nf6 5. Qe2 e5 6. Nc3 Be7 7. Nd5 d6 8. O-O O-O 9. c3 Nxd5 10. exd5 Nb8 11. d4 exd4 12. cxd4 cxd4 13. Nxd4 Bf6 14. Be3 Re8 15. Rad1 Nd7 16. Qc2 Nc5 17. b4 Na6 18. a3 Bg4 19. Rd2 Rc8 20. Qd3 Nc7 21. h3 Bh5 22. Nf5 Bg6 23. g4 a6 24. Bf4 Nb5 25. Qg3 Rc3 26. Rd3 Bxf5 27. gxf5 Qd7 28. Bd2 Rc2 29. Qg4 Nxa3 30. Bg5 Bxg5 31. Qxg5 f6 32.
Qf4 Nc4 33. Rc1 Rxc1+ 34. Qxc1 b5 35. Qf4 Re5 36. Be4 Qe7 37. Rd4 Qa7 38. Rd3 a5 39. bxa5 Qxa5 40. Kg2 Qe1 41. Bf3 Qb1 42. Qd4 Qa2 43.
Kg3 Re1 44. Rd1 Rxd1 45. Qxd1 Qd2 46. Qa1 Qa5 47. Qd4 Qb6 48. Qe4 Ne5 49. Be2 Kf8 50.
f4 Qg1+ 51. Qg2 Qe3+ 52. Bf3 Qe1+ 53. Kh2 Nd3 54. Qa2 Qf2+ 55. Qxf2 Nxf2 56. Be2 b4 57. Kg2 Ne4 58. Kf3 Nc5 59. Ke3 Ke7 60. Kd4 Kd7 61. Bf3 Kc7 62. Kc4 b3 63. Bd1 b2 64. Bc2 Kb6 65.
Kc3 Na6 66. Kxb2 Kc5 67. Kc3 Nb4 68. Bb3 Nxd5+ 69. Kd2 Nxf4 70. h4 Kd4 71. Bg8 h6 72. Bh7 d5 73. Ke1 Ke3 74. Kf1 d4 75. Kg1 d3 76. Kh2 d2 77. Kg3 d1=Q 0-1

[Event "Late-Titled-Tuesday-Blitz-April-30-2024"]
[Site "Chess.com"]
[Date "2024.04.30"]
[Round "3"]
[White "Levanzovsky"]
[Black "1800_strength"]
[Result "0-1"]
[WhiteElo "2505"]
[BlackElo "2809"]
[TimeControl "180+1"]
[EndTime "14:30:34 PDT"]
[Termination "1800_strength won on time"]

1. e4 e5 2. Nf3 Nf6 3. Nxe5 d6 4.
Nf3 Nxe4 5. d3 Nf6 6. d4 d5 7. c4 Bb4+ 8. Nc3 O-O 9. Be2 dxc4 10. Bxc4 Re8+ 11. Be3 Be6 12. Bxe6 Rxe6 13. Qb3 Nc6 14. O-O Bxc3 15. bxc3 Na5 16. Qb4 c6 17. c4 b5 18. Ne5 bxc4 19. Nxc4 Nxc4 20. Qxc4 Nd5 21.
Rfe1 Qa5 22. Rec1 h6 23. Qd3 Nxe3 24. fxe3 Rae8 25. Rc3 Qg5 26. Re1 h5 27. Rc5 Qh4 28.
g3 Qg4 29. Qf5 Qxf5 30. Rxf5 Rxe3 31. Rxe3 Rxe3 32. Rxh5 Re1+ 33. Kf2 Ra1 34. Ra5 Rd1 35. Ke3 Rh1 36. h4 Rg1 37. Kf2 Rd1 38. Ke3 Re1+ 39. Kd3 Re7 40. Kc4 Kh7 41. Ra6 Re3 42.
Rxa7 f5 43. Kc5 Rc3+ 44. Kd6 Rxg3 45. Ke5 Rg4 46. Rd7 Rxh4 47. a4 Kg6 48. a5 Re4+ 49. Kd6 Rxd4+ 50. Kxc6 Rxd7 51. Kxd7 f4 52. a6 f3 53. a7 f2 54. a8=Q f1=Q 55. Qa4 Qd3+ 56.
Kc7 Qg3+ 57. Kd8 Qg5+ 58. Ke8 Qe5+ 59. Kf8 Qf6+ 60. Ke8 Qf7+ 61. Kd8 Kh7 62. Qh4+ Kg8 63. Qg3 g6 64. Kc8 Kg7 65. Qg4 Qf5+ 0-1

[Event "Late-Titled-Tuesday-Blitz-April-30-2024"]
[Site "Chess.com"]
[Date "2024.04.30"]
[Round "3"]
[White "ahkashefi2800"]
[Black "GMKrikor"]
[Result "0-1"]
[WhiteElo "2587"]
[BlackElo "2882"]
[TimeControl "180+1"]
[EndTime "14:30:37 PDT"]
[Termination "GMKrikor won by checkmate"]

1. d4 Nf6 2. Nf3 g6 3. g3 Bg7 4. Bg2 d5 5. O-O O-O 6. b3 a5 7. a3 a4 8. b4 Nbd7 9. Bb2 Ne4 10. Nbd2 Nd6 11. Rc1 Nb6 12. e3 Ndc4 13. Nxc4 Nxc4 14. Rb1 c6 15. Nd2 Nd6 16. Qe2 Bf5 17. Rbc1 b5 18. f3 Be6 19. Rcd1 Qb6 20. c3 Rad8 21. Bc1 Bc8 22. Qf2 e5 23. Rfe1 Rfe8 24. Nf1 Nc4 25.
Nd2 Nd6 26. Nf1 h5 27. Bd2 Nc4 28. Bc1 Qc7 29. Re2 Qe7 30. Rde1 Qc7 31. Nd2 Nd6 32. Qf1 Nf5 33. Qf2 Re7 34. Nf1 Rde8 35. Bd2 Nd6 36. Bc1 Bf5 37. e4 dxe4 38. fxe4 Bg4 39. Rd2 exd4 40.
cxd4 Nxe4 41. Bxe4 Rxe4 42. Rxe4 Rxe4 43. Ne3 Be6 44.
d5 cxd5 45. Bb2 Bxb2 46. Rxb2 Qc3 47. Nf1 d4 48. Rc2 Qd3 49. Rd2 Qc4 50. Rc2 Qd5 51. Rc5 Qd8 52. Rxb5 d3 53. Qd2 Re2 54. Qf4 d2 55. Nxd2 Rxd2 56. Rb8 Bc8 57. Rxc8 Rd1+ 58. Kg2 Qxc8 59. Qg4 Qxg4 60. h3 Qe2# 0-1

[Event "Late-Titled-Tuesday-Blitz-April-30-2024"]
[Site "Chess.com"]
[Date "2024.04.30"]
[Round "3"]
[White "nochewycandy"]
[Black "mightysmasher"]
[Result "1-0"]
[WhiteElo "2805"]
[BlackElo "2534"]
[TimeControl "180+1"]
[EndTime "14:30:38 PDT"]
[Termination "nochewycandy won by checkmate"]

1. Nf3 d5 2. g3 c5 3. Bg2 Nf6 4. c4 e6 5. cxd5 exd5 6. O-O Be7 7. d4 O-O 8. Nc3 cxd4 9. Nxd4 Nc6 10. Bf4 h6 11.
Rc1 Be6 12. Nxc6 bxc6 13. Na4 Rc8 14. Nc5 Qb6 15. Nxe6 fxe6 16. b3 c5 17. Qd3 Bd6 18.
Bd2 Qc6 19. Qg6 Qe8 20. Qxe8 Rfxe8 21. Rfe1 e5 22. e4 d4 23. Bf1 Kh7 24. f4 Kh8 25. f5 Kh7 26. h3 g6 27. g4 g5 28. Kg2 Kg7 29. Kf3 Rh8 30. Bc4 a5 31. a4 h5 32.
Rh1 Kh6 33. h4 hxg4+ 34. Ke2 Kg7 35. hxg5 Nh5 36. Rhg1 g3 37. Kf3 Nf4 38. Rxg3 Rh2 39. Bxf4 exf4 40. Rg2 Rh3+ 41. Kf2 f3 42. f6+ Kg6 43. Be6 fxg2 44. Bxh3 Rh8 45. Kxg2 Bf4 46. Rxc5 Bxg5 47. f7 Rf8 48. Bg4 Rxf7 49. Bf5+ Kf6 50. Rxa5 Rc7 51. Rb5 d3 52. Rd5 d2 53. Bg4 Rc1 54. Rf5+ Kg6 55. Rd5 d1=Q 56. Bxd1 Rc2+ 57. Bxc2 Bf4 58. Kf3 Bc7 59. b4 Ba5 60. b5 Kf6 61.
Bd3 Ke7 62. Bc4 Bb6 63. Kf4 Bc7+ 64. Kf5 Bb6 65. e5 Bc7 66. e6 Bb6 67. Rd7+ Ke8 68. Rb7 Bd8 69. Bd3 Be7 70. Ke5 Bd8 71. Kd5 Be7 72.
Rb8+ Bd8 73. Bg6+ Ke7 74. Rxd8 Kxd8 75. Kd6 Kc8 76. Be4 Kd8 77. e7+ Ke8 78. Bg6# 1-0

[Event "Late-Titled-Tuesday-Blitz-April-30-2024"]
[Site "Chess.com"]
[Date "2024.04.30"]
[Round "3"]
[White "xasid81"]
[Black "zverr1"]
[Result "0-1"]
[WhiteElo "2641"]
[BlackElo "2478"]
[TimeControl "180+1"]
[EndTime "14:30:38 PDT"]
[Termination "zverr1 won by resignation"]

1. e4 c5 2. Nf3 Nc6 3. Bb5 Nf6 4. Nc3 Nd4 5. e5 Nxb5 6. Nxb5 Nd5 7. O-O a6 8. Nc3 Nxc3 9. dxc3 d5 10. exd6 Qxd6 11. Qxd6 exd6 12. Re1+ Be6 13. Ng5 Kd7 14. Bf4 Be7 15.
Nxe6 fxe6 16. Rad1 Rad8 17. c4 Rhe8 18. Rd3 h6 19. h3 Bf8 20. Rb3 Kc6 21. a4 b6 22.
Rbe3 e5 23. Bh2 Kd7 24. Rb3 Rb8 25. Kf1 Kc6 26. g4 Be7 27. Kg2 Bg5 28. Rd1 Rf8 29.
Rbd3 Rbd8 30. Bg3 Bf4 31. Rf3 Bxg3 32. Kxg3 Rxf3+ 33. Kxf3 Rf8+ 34. Ke3 Rf4 35. b3 h5 36.
f3 g5 37. Rg1 h4 38. Ra1 Rd4 39. a5 b5 40. cxb5+ Kxb5 41. c3 Rf4 42. Rd1 Rf6 43.
Ra1 d5 44. Rf1 Kxa5 45. Ra1+ Kb5 46. Rf1 Rf4 47. Rd1 d4+ 48. cxd4 Rxd4 49. Rc1 Rb4 50. Rc3 a5 51. Rd3 Kc6 52. Kf2 Rd4 53. Re3 Kd5 54. Rc3 c4 55. bxc4+ Rxc4 56. Ra3 a4 57. Rd3+ Kc5 58.
Re3 Kd4 59. Re4+ Kd5 60. Re3 Rb4 61. Rd3+ Kc4 62. Re3 Rb5 63. Re4+ Kb3 64. Re3+ Ka2 65. Re4 a3 66. f4 exf4 67. Kf3 Kb1 68. Re1+ Kc2 69.
Re2+ Kd3 70. Re5 Ra5 71. Rb5 Rxb5 0-1

[Event "Late-Titled-Tuesday-Blitz-April-30-2024"]
[Site "Chess.com"]
[Date "2024.04.30"]
[Round "3"]
[White "klercaku"]
[Black "Sinquefield"]
[Result "0-1"]
[WhiteElo "2253"]
[BlackElo "2496"]
[TimeControl "180+1"]
[EndTime "14:30:38 PDT"]
[Termination "Sinquefield won by resignation"]

1. e4 d5 2. exd5 Nf6 3. Nc3 Nxd5 4. d4 g6 5. Nf3 Bg7 6. Bc4 Nb6 7. Bb3 O-O 8. h3 Nc6 9. Be3 a5 10. a3 a4 11. Ba2 Na5 12. O-O Nac4 13. Rb1 Be6 14. Qd3 Bf5 15. Qe2 Nxe3 16. fxe3 Qc8 17. e4 Bd7 18. Ng5 Bxd4+ 19. Kh1 e6 20. e5 h6 21. Nf3 Bc5 22. Ne4 Be7 23. Nf6+ Kg7 24. Nh2 Nd5 25. Bxd5 exd5 26. Nxd5 Bg5 27. Nf3 Be6 28.
Nf6 Bxf6 29. exf6+ Kh7 30. Rbe1 Re8 31. Ne5 Ra5 32.
Qf3 c6 33. Qf4 Qc7 34. Nxg6 Qxf4 35. Nxf4 Rf5 36. Nxe6 Rxf1+ 37. Rxf1 Rxe6 38. Rf2 Kg6 39. Kh2 Rxf6 40. Rd2 Re6 41. Rd7 b5 42. Rd2 f5 43.
g3 Kg5 44. Kg2 f4 45. Kf3 fxg3 46. Kxg3 Re3+ 47. Kg2 Re4 48. Kf3 Rc4 49. c3 Kh4 50. Kg2 Rc5 51. Rd4+ Kh5 52. Kg3 Rg5+ 53. Kf3 Rf5+ 54.
Kg2 Re5 55. Rd2 Kg5 56. Kg3 Re3+ 57. Kg2 Re4 58. Rf2 Rf4 59. Rd2 Rf6 60. Kg3 h5 61. Re2 h4+ 62. Kg2 Rg6 63. Re5+ Kf4+ 64. Kf2 Kxe5 65.
Kf3 Rg3+ 66. Kf2 Rxh3 0-1

[Event "Late-Titled-Tuesday-Blitz-April-30-2024"]
[Site "Chess.com"]
[Date "2024.04.30"]
[Round "3"]
[White "Ajedrez_con_German"]
[Black "cthulhuuu"]
[Result "0-1"]
[WhiteElo "2620"]
[BlackElo "2457"]
[TimeControl "180+1"]
[EndTime "14:30:39 PDT"]
[Termination "cthulhuuu won on time"]

1. a3 Nf6 2. e3 g6 3. Nf3 Bg7 4. d4 O-O 5. Be2 d6 6. O-O Nbd7 7. b4 e5 8. Bb2 e4 9. Nfd2 Re8 10. c4 Nf8 11. a4 h5 12. a5 a6 13. b5 Bf5 14.
Nc3 Ne6 15. Re1 h4 16. h3 Ng5 17. Bf1 Qd7 18. Kh2 Ngh7 19. Rb1 g5 20. Ne2 g4 21. Nf4 Bh6 22. Rc1 axb5 23. cxb5 Rxa5 24. Nb3 Ra2 25. Qd2 b6 26. Ra1 Rxa1 27. Rxa1 d5 28. Qc3 Bxf4+ 29.
exf4 Qd6 30. Bc1 Nh5 31. Qe3 g3+ 32. Kg1 N7f6 33. Be2 gxf2+ 34. Qxf2 Ng3 35. Bf1 Nfh5 36. Ra7 e3 37. Bxe3 Ne4 38. Qxh4 Nhg3 39. Bd3 Kg7 40. Bxe4 Nxe4 41. Nd2 Rh8 42. Nxe4 Bxe4 43.
Qg5+ Qg6 44. Qxg6+ Kxg6 45. Rxc7 Ra8 46. Rc6+ Kg7 47.
Rxb6 Ra1+ 48. Kh2 Ra2 49. Kg3 Rxg2+ 50. Kh4 Bf5 51. Rd6 Rh2 52. Rxd5 Rxh3+ 53. Kg5 Be6 54. Rf5 Bxf5 55. Kxf5 Rxe3 56. d5 Rb3 57. Ke5 Rxb5 58. Kd6 Kf6 59. Kc6 Rb3 0-1

[Event "Late-Titled-Tuesday-Blitz-April-30-2024"]
[Site "Chess.com"]
[Date "2024.04.30"]
[Round "3"]
[White "Mikayel99"]
[Black "ab-lsv"]
[Result "0-1"]
[WhiteElo "2561"]
[BlackElo "2365"]
[TimeControl "180+1"]
[EndTime "14:30:39 PDT"]
[Termination "ab-lsv won by checkmate"]

1. Nf3 c5 2. g3 g6 3. Bg2 Bg7 4. O-O Nc6 5. c3 e5 6. e4 d6 7. Na3 Nge7 8. Nc2 O-O 9. d4 exd4 10.
cxd4 Bg4 11. Be3 Qb6 12. dxc5 dxc5 13. h3 Bxf3 14. Qxf3 Qxb2 15. Rfc1 b6 16. Rab1 Qxa2 17. Bf1 Qe6 18. Na3 Rad8 19. Bc4 Qxh3 20. Nb5 Ne5 21.
Qg2 Qxg2+ 22. Kxg2 Nxc4 23. Rxc4 Nc6 24. Ra4 Rd7 25. f4 Rfd8 26. e5 Bf8 27. Kf2 h5 28. Rh1 Ra8 29. f5 Nxe5 30. fxg6 fxg6 31. Bf4 Nd3+ 32. Kf3 Nxf4 33. gxf4 a6 34. f5 Kg7 35.
fxg6 Kxg6 36. Rg1+ Kh6 37. Na3 Bg7 38. Nc2 b5 39.
Re4 Rf8+ 40. Ke2 Rdf7 41. Rg2 b4 42. Ne3 Bd4 43. Re6+ Rf6 44. Re7 Bxe3 45. Kxe3 Rf3+ 46.
Ke4 R8f4+ 47. Kd5 Rf5+ 48. Kc6 b3 49. Re8 Rf8 50. Re7 c4 51. Kc5 c3 52. Re6+ R8f6 53. Re8 Rf8 54. Re6+ R3f6 55. Re3 c2 56. Rc3 Rc8+ 57. Kb4 Rb6+ 58. Ka4 Rxc3 59. Rg8 c1=Q 60. Rh8+ Kg7 61. Rg8+ Kxg8 62. Ka5 Rb8 63. Kxa6 b2 64. Ka7 Rcb3 65. Ka6 Qa1# 0-1

[Event "Late-Titled-Tuesday-Blitz-April-30-2024"]
[Site "Chess.com"]
[Date "2024.04.30"]
[Round "3"]
[White "Bilan_Danila"]
[Black "Vincefm"]
[Result "0-1"]
[WhiteElo "2553"]
[BlackElo "2373"]
[TimeControl "180+1"]
[EndTime "14:30:39 PDT"]
[Termination "Vincefm won by checkmate"]

1. d4 Nf6 2. Nf3 c5 3. e3 d5 4. c3 Nc6 5. Bd3 Bg4 6. h3 Bh5 7. Nbd2 e6 8. g4 Bg6 9. Bb5 Qc7 10. Ne5 Bd6 11. f4 O-O-O 12. Qa4 Bxe5 13. fxe5 Ne4 14.
Nb3 c4 15. Bxc6 Qxc6 16. Qxc6+ bxc6 17. Nd2 h5 18. gxh5 Rxh5 19. Nf3 Rdh8 20. h4 Ng3 21. Rh3 Nf5 22. Bd2 Nxh4 23. Nxh4 Rxh4 24. Rxh4 Rxh4 25.
O-O-O Rh2 26. b3 cxb3 27. axb3 Kd7 28. Kb2 Be4 29. Kc1 Ke7 30. Rg1 g6 31. c4 Kf8 32.
cxd5 cxd5 33. Bb4+ Kg7 34. Rg3 Rc2+ 35. Kd1 Rb2 36.
Rh3 Rxb3 37. Be7 g5 38. Bxg5 Rb1+ 39. Kd2 a5 40. Bf6+ Kg6 41. Rg3+ Kh5 42. Rg5+ Kh6 43. Rg8 Rb2+ 44. Kc3 Re2 45. Rg3 Rg2 46. Rh3+ Kg6 47. Kb3 Bc2+ 48. Ka3 Bf5 49. Rh8 Re2 50. Rg8+ Kh5 51. Rg5+ Kh6 52. Rg3 Bd3 53. Bg5+ Kh5 54.
Bf4 Bc4 55. Rg5+ Kh4 56. Rg2 Rxg2 57. e4 Ra2# 0-1

[Event "Late-Titled-Tuesday-Blitz-April-30-2024"]
[Site "Chess.com"]
[Date "2024.04.30"]
[Round "3"]
[White "Cayse"]
[Black "DeArron_Fox"]
[Result "1-0"]
[WhiteElo "2802"]
[BlackElo "2501"]
[TimeControl "180+1"]
[EndTime "14:30:40 PDT"]
[Termination "Cayse won by resignation"]

1. b3 e5 2. Bb2 Nc6 3. e3 Nf6 4. Bb5 Bd6 5. Nf3 Qe7 6. d3 O-O 7. Nbd2 a6 8. Bxc6 dxc6 9. O-O Re8 10. Qe2 e4 11. dxe4 Nxe4 12. Nxe4 Qxe4 13. h3 Bf5 14. Nd4 Qe5 15. f4 Qe4 16. Rae1 Bd7 17. c4 c5 18. Nf3 Bxf4 19. Qd1 Bxe3+ 20. Kh1 Bc6 21. Re2 Rad8 22.
Qa1 Qd3 23. Rfe1 Bxf3 24. gxf3 Re6 25. Rg2 f6 26. Bxf6 Rd7 27. Bg5 Rg6 28. Rxe3 Qf5 29. Qe1 h6 30. Bh4 Qxh3+ 31. Rh2 Qf5 32. Bg3 Rd3 33. Rg2 Rxe3 34. Qxe3 Qb1+ 35. Kh2 Qf5 36. Qf4 Qh5+ 37. Kg1 Rf6 38. Qxc7 Qxf3 39. Qxc5 Qd1+ 40. Kh2 Qf3 41. Qd5+ Qxd5 42. cxd5 Kf7 43. d6 Ke8 44.
Re2+ Kd7 45. Re7+ Kc6 46. Rxg7 Re6 47. Rc7+ Kb6 48. d7 Re2+ 49. Kh3 Rd2 50. Bf4 Rd3+ 51. Kg4 Rd4 52. Rc8 Rxd7 53. Rh8 Rg7+ 54. Kf3 Rg1 55. Rxh6+ Ka5 56. Rh2 Ra1 57. Rd2 Rb1 58. Bd6 b5 59. Ke4 Kb6 60. Kd3 a5 61. Be7 Rg1 62. Kc2 Rg3 63. Bd6 Rg4 64. Kb2 a4 65. b4 Rg2 66.
Rxg2 Kc6 1-0

[Event "Late-Titled-Tuesday-Blitz-April-30-2024"]
[Site "Chess.com"]
[Date "2024.04.30"]
[Round "3"]
[White "UK_23"]
[Black "HATilay"]
[Result "0-1"]
[WhiteElo "2469"]
[BlackElo "2663"]
[TimeControl "180+1"]
[EndTime "14:30:42 PDT"]
[Termination "HATilay won by resignation"]

1. e4 e6 2. d4 d5 3. e5 c5 4. c3 Nc6 5. Nf3 Qb6 6. Be2 Nge7 7. Na3 Nf5 8. Nc2 cxd4 9. cxd4 Be7 10. a3 O-O 11.
O-O Bd7 12. b4 Rfc8 13. Bb2 a6 14. g3 Na7 15. Kg2 Bb5 16. h4 Bxe2 17. Qxe2 Qb5 18. Qd2 Rc7 19. Ne3 Rac8 20. Nxf5 exf5 21. Rac1 Rc4 22. h5 h6 23. Qf4 Qd7 24. Rxc4 Rxc4 25. Rc1 Rxc1 26. Bxc1 Nb5 27. Bb2 Bd8 28. Ne1 Bg5 29.
Qf3 Nc7 30. Nd3 Qc6 31. Nc5 b6 32. Nb3 Ne6 33. Qc3 Qd7 34. f4 Be7 35. Nc1 g5 36. Nd3 gxf4 37. gxf4 Kh8 38. Kf3 Ng7 39. Qe1 f6 40. Qg1 Qe8 41. Qg6 Qxg6 42. hxg6 Ne6 43. exf6 Bxf6 44. Ne5 Bxe5 45. dxe5 Kg7 46. Bc3 b5 47.
Bb2 Kxg6 48. Bc3 h5 49. Kg3 Kf7 50. Bd2 Kg6 51. Be3 d4 52. Bd2 d3 53. Kf3 h4 54. Be1 Kh5 55. Bc3 h3 56. Kg3 Nxf4 57. Bd2 Ne6 58. Kxh3 f4 59. Bc1 Kg5 60. Kg2 Kf5 61. Kf3 Kxe5 62. Bd2 Nd4+ 63. Kf2 Ke4 64. Kg2 Nf5 65. Kf2 Ne3 66. Bc3 Nc2 67. Bd2 Nd4 68.
Bc3 Nf5 69. Bd2 Ne3 70. Ke1 Nc4 71. Bc3 f3 72. Kf2 d2 0-1

[Event "Late-Titled-Tuesday-Blitz-April-30-2024"]
[Site "Chess.com"]
[Date "2024.04.30"]
[Round "3"]
[White "samidescalona2002"]
[Black "Jospem"]
[Result "0-1"]
[WhiteElo "2786"]
[BlackElo "3124"]
[TimeControl "180+1"]
[EndTime "14:30:43 PDT"]
[Termination "Jospem won by checkmate"]

1. d4 Nf6 2. c4 e6 3. Nf3 Bb4+ 4. Bd2 c5 5. Bxb4 cxb4 6. a3 bxa3 7. Rxa3 a5 8. e3 Na6 9. Nc3 b6 10. Be2 O-O 11. O-O Bb7 12. b3 Rc8 13. Qd2 Qe7 14. Raa1 Nb4 15. Rfc1 d5 16. Ne5 Rfd8 17. Na4 dxc4 18.
bxc4 Qc7 19. Qe1 Ra8 20. c5 bxc5 21. Nxc5 Qe7 22. Bf3 Bxf3 23. Nxf3 Rdc8 24. Qe2 Nfd5 25. Qb5 Qa7 26. Ra3 Rcb8 27. Qc4 h6 28. h3 Qe7 29.
Rca1 Nc6 30. Qa4 Rc8 31. Qc4 Rab8 32. Nd2 Ndb4 33. Ndb3 e5 34. d5 Nd8 35. Rxa5 Nb7 36. Rb5 Nd6 37. Rxb8 Rxb8 38. Qe2 Nxd5 39. Qd2 Nf6 40. Rd1 Nde4 41. Nxe4 Nxe4 42. Qc2 Qb4 43. Nd2 Nc3 44. Re1 e4 45. Nf1 Rd8 46. Rc1 Rd3 47.
Ng3 g6 48. Kh2 h5 49. Kg1 Qd6 50. Ne2 Nxe2+ 51. Qxe2 Rd2 52. Qe1 Qd3 53. Rb1 Kg7 54. Ra1 h4 55. Rc1 g5 56. Ra1 Kg6 57. Rc1 f6 58. Ra1 Qc2 59. Qf1 Re2 60. Re1 Rd2 61. Ra1 Qb2 62. Re1 Rc2 63. Ra1 Rxf2 64. Qxf2 Qxa1+ 65.
Kh2 Qe5+ 66. Kg1 Qc3 67. Qe2 Qd3 68. Qe1 f5 69. g3 hxg3 70. Qxg3 f4 71. Qg4 Qxe3+ 72.
Kg2 f3+ 73. Kg3 Qg1# 0-1

[Event "Late-Titled-Tuesday-Blitz-April-30-2024"]
[Site "Chess.com"]
[Date "2024.04.30"]
[Round "3"]
[White "AungTZ"]
[Black "ATM622"]
[Result "1-0"]
[WhiteElo "2165"]
[BlackElo "2529"]
[TimeControl "180+1"]
[EndTime "14:30:46 PDT"]
[Termination "AungTZ won by checkmate"]

1. e4 c6 2. d4 d5 3. Nc3 dxe4 4. Nxe4 Bf5 5. Ng3 Bg6 6. h4 h6 7. Nf3 Nd7 8. Bd3 Bxd3 9. Qxd3 Ngf6 10. Bd2 e6 11.
O-O-O Be7 12. Ne4 Nxe4 13. Qxe4 Nf6 14. Qe2 Qd5 15. Kb1 Qe4 16. Be3 O-O 17. Ka1 Nd5 18. c4 Nb4 19. Rd2 f5 20. a3 a5 21. g3 b5 22. Rc1 bxc4 23. Rxc4 Nd5 24. Rxc6 Nxe3 25.
d5 Nxd5 26. Rxe6 Qxe2 27. Rexe2 Rad8 28. Re5 Bxa3 29. Rexd5 Rxd5 30. Rxd5 Bb4 31. Nd4 g6 32. h5 gxh5 33. Nxf5 Kh7 34. f4 Kg6 35. Nh4+ Kh7 36. Rxh5 Be1 37. Nf5 Kg6 38. g4 Rh8 39. Rh3 Bb4 40. Re3 h5 41. Re6+ Kf7 42. Rc6 hxg4 43.
Nh6+ Ke7 44. Nxg4 Rh4 45. Rg6 Kf7 46. f5 a4 47. Ka2 Rh3 48. Ne5+ Ke7 49. Nc6+ Kf7 50.
Nxb4 a3 51. bxa3 Rf3 52. Rg5 Kf6 53. Rh5 Ke5 54. Nc6+ Kd5 55. Nb4+ Kc4 56. Rh4+ Kc3 57. Rh5 Rf2+ 58. Kb1 Kb3 59. Kc1 Kxa3 60. Nd3 Rf3 61. Ne5 Rf1+ 62. Kd2 Kb4 63. Ke3 Kc5 64. Ke4 Kd6 65.
Nc4+ Kc5 66. Ne3 Rf2 67. Rh4 Kd6 68. Rf4 Rh2 69. f6 Rh8 70. Ng4 Ke6 71. Kf3 Rf8 72.
Re4+ Kf5 73. Rf4+ Kg5 74. Ke4 Re8+ 75. Ne5 Rf8 76. f7 Kh6 77. Rg4 Kh7 78. Kf5 Ra8 79.
Kf6 Rb8 80. Rh4# 1-0

[Event "Late-Titled-Tuesday-Blitz-April-30-2024"]
[Site "Chess.com"]
[Date "2024.04.30"]
[Round "3"]
[White "baki83"]
[Black "Naoki"]
[Result "1-0"]
[WhiteElo "2908"]
[BlackElo "2619"]
[TimeControl "180+1"]
[EndTime "14:30:47 PDT"]
[Termination "baki83 won by resignation"]

1. e4 e5 2. Nf3 Nc6 3. Bb5 a6 4. Ba4 Nf6 5. d3 b5 6. Bb3 Bc5 7. Nc3 d6 8. Nd5 h6 9. c3 Be6 10. O-O Bxd5 11. exd5 Ne7 12. d4 exd4 13. Nxd4 O-O 14.
Qf3 Bxd4 15. cxd4 Ng6 16. Be3 Qd7 17. Bc2 Nh4 18. Qg3 Ng6 19. Bxg6 fxg6 20. Qxg6 Nxd5 21. Bxh6 Rf6 22. Qe4 c6 23. Bg5 Re8 24. Qd3 Rf5 25. h4 Nf4 26. Bxf4 Rxf4 27. g3 Rf6 28. Rae1 Ref8 29. Re3 Qh3 30. Qe4 d5 31. Qg2 Qg4 32. f4 Qf5 33. Rfe1 Qg4 34. Re5 Qg6 35. a3 Qf7 36. h5 Rf5 37. Qh3 Rxe5 38. dxe5 Qf5 39.
Qh2 d4 40. h6 g6 41. e6 Re8 42.
e7 Qf7 43. Qh4 Kh7 44. Qg5 Qf5 45. Qxf5 gxf5 46. Kf2 Kxh6 47. Re6+ Kg7 48. Rxc6 Rxe7 49. Rxa6 Rc7 50. Rd6 Rc2+ 51. Kf1 Rxb2 52. Rxd4 Rb3 53. Rd5 Rxa3 54. Kg2 Kg6 55. Rxb5 Ra2+ 56. Kh3 Ra1 57. Rb6+ Kh5 58. Rf6 Ra5 59. Kg2 Ra2+ 60. Kf3 Ra3+ 61. Kf2 Ra2+ 62. Kf3 Ra3+ 63. Kg2 Ra2+ 64. Kh3 Ra5 65.
Rf8 Rb5 66. Rg8 Rc5 67. Rg5+ Kh6 68. Kh4 Rb5 69. g4 Rb1 70. Rxf5 1-0

[Event "Late-Titled-Tuesday-Blitz-April-30-2024"]
[Site "Chess.com"]
[Date "2024.04.30"]
[Round "3"]
[White "dimitrisl"]
[Black "ansko1999"]
[Result "0-1"]
[WhiteElo "2432"]
[BlackElo "2627"]
[TimeControl "180+1"]
[EndTime "14:30:47 PDT"]
[Termination "ansko1999 won on time"]

1. e4 c5 2. Nf3 Nf6 3. Nc3 d5 4.
d3 dxe4 5. Nxe4 Nxe4 6. dxe4 Qxd1+ 7. Kxd1 Nc6 8. c3 Bg4 9. Kc2 a6 10. Nd2 Bh5 11. Nc4 f6 12. Be3 e6 13. a4 Be7 14. f3 Bf7 15. Be2 O-O-O 16. Bf4 e5 17. Be3 h5 18. Rhd1 Kc7 19. Rxd8 Rxd8 20. b4 Bxc4 21.
Bxc4 cxb4 22. a5 bxc3 23. Bb6+ Kc8 24. Be6+ Kb8 25. Bxd8 Bxd8 26. Kxc3 Bxa5+ 27. Kc4 Kc7 28. h4 b5+ 29. Kd3 Bb6 30. Bf7 Bd4 31. Rc1 Kb6 32.
Bxh5 a5 33. Be8 Nb4+ 34. Kd2 a4 35. Rb1 Ka5 36. Bf7 Na6 37. Rc1 Nc5 38. Kc2 b4 39. h5 b3+ 40. Kb1 Nd3 41. Rc8 Kb4 42. Rb8+ Kc3 43.
Ra8 Nc5 44. Be8 b2 45. Bxa4 Kd3 46. Bc2+ Ke3 47. Rb8 Kf4 48. Rg8 Kg3 49. Rxg7+ Kf2 50. h6 Ne6 51. h7 Nxg7 52. h8=Q Ne6 53. Qxf6 Nf4 54. g4 Kxf3 55. g5 Ke3 56. g6 Ne2 57. g7 Nc3+ 58. Kxb2 Nxe4+ 59. Kb3 Nxf6 60. Bh7 Kf4 61. g8=Q Nxg8 62. Bxg8 e4 63. Kc4 e3 64. Kd3 Kf3 65. Bd5+ Kf2 0-1